 Dungeon Crawl Stone Soup version 0.18.1-50-g88ac8fd (webtiles) character file.

8187 varam the Grappler (level 11, -3/119 HPs)
             Began as a Troll Monk on Oct 22, 2016.
             Was a High Priest of Okawaru.
             Slain by a basilisk (4 damage)
             ... on level 10 of the Dungeon.
             The game lasted 00:26:21 (7932 turns).

varam the Grappler (Troll Monk)                     Turns: 7932, Time: 00:26:22

Health: -3/119     AC:  8    Str: 21    XL:     11   Next: 6%
Magic:  11/11      EV: -4    Int:  6    God:    Okawaru [*****.]
Gold:   518        SH:  0    Dex: 15    Spells: 1 memorised, 9 levels left

rFire  . . .     SeeInvis .       - Unarmed
rCold  . . .     Gourm    +     q - +1 robe {MR+}
rNeg   + + +     Faith    +     (no shield)
rPois  ∞         Spirit   .     (helmet restricted)
rElec  .         Dismiss  .     (no cloak)
rCorr  .         Reflect  .     (gloves unavailable)
SustAt .         Harm     .     (boots unavailable)
MR     +....     Rnd*Rage +     p - amulet of faith
Stlth  ++........               (no ring)
                                (no ring)

@: petrified, somewhat resistant to hostile enchantments, unstealthy
A: unfitting armour, claws 3, thin metallic scales 1, berserk 1, fast metabolism
3, gourmand, regeneration 2, robust 1, shaggy fur 1, tough skin 2, wild magic 1,
MP-powered wands
a: Heroism, Finesse, Renounce Religion


You were on level 10 of the Dungeon.
You worshipped Okawaru.
Okawaru was extremely pleased with you.
You were very full.

You visited 1 branch of the dungeon, and saw 10 of its levels.

You collected 700 gold pieces.
You spent 182 gold pieces at shops.

Inventory:

Missiles
 h - 363 stones
 n - 9 tomahawks (quivered)
 u - 3 javelins of returning
 D - 8 javelins
Armour
 q - a +1 robe of magic resistance (worn)
Jewellery
 p - an amulet of faith (around neck)
 I - an uncursed ring of protection from magic {unknown}
 L - an uncursed amulet of dismissal {unknown}
Wands
 J - a wand of lightning (11/15)
 P - a wand of flame (13/48)
Scrolls
 c - 2 scrolls of fog {unknown}
 j - 3 scrolls of random uselessness {unknown}
 l - 5 scrolls of remove curse {unknown}
 m - a scroll of recharging {unknown}
 o - 2 scrolls of blinking {unknown}
 r - 5 scrolls of identify {@r1}
 s - 3 scrolls of fear {unknown}
 w - 2 scrolls of noise {unknown}
 x - 3 scrolls of teleportation {unknown}
 y - a scroll of amnesia {unknown}
 F - a scroll of enchant armour {unknown}
 G - 3 scrolls of magic mapping {unknown}
Potions
 a - 2 potions of brilliance {unknown}
 d - 4 potions of curing {@q1}
 e - 2 potions of might
 i - a potion of haste {unknown}
 t - 3 potions of agility
 v - a potion of lignification {unknown}
 A - a potion of invisibility {unknown}
 B - a potion of magic {unknown}
 C - a potion of degeneration {unknown}
 E - a potion of heal wounds {unknown}
 M - a potion of resistance {unknown}
Books
 k - a book of Party Tricks

   Spells                             Type                      Level
   a - Summon Butterflies             Summoning                    1
   b - Apportation                    Translocation                1
   c - Tukima's Dance                 Hexes                        3
   d - Alistair's Intoxication        Transmutation/Poison         5
   e - Invisibility                   Hexes                        6
 K - a book of Callings

   Spells                             Type                      Level
   a - Summon Small Mammal            Summoning                    1
   b - Call Imp                       Summoning                    2
   c - Call Canine Familiar           Summoning                    3
   d - Summon Guardian Golem          Hexes/Summoning              3
   e - Summon Lightning Spire         Summoning/Air                4
   f - Summon Ice Beast               Ice/Summoning                4
 O - a book of Fire

   Spells                             Type                      Level
   a - Ignite Poison                  Fire/Transmutation/Poison    3
   b - Fireball                       Conjuration/Fire             5
   c - Bolt of Fire                   Conjuration/Fire             6
   d - Delayed Fireball               Conjuration/Fire             7
   e - Ring of Flames                 Charms/Fire                  7
Comestibles
 b - 7 bread rations
 f - 4 royal jellies
 g - 2 slices of pizza
 z - a meat ration
 H - a beef jerky
 N - 15 chunks of flesh


   Skills:
 + Level 7.3 Fighting
 + Level 8.1 Dodging
 - Level 1.1 Stealth
 + Level 12.3 Unarmed Combat
 + Level 1.4 Invocations


You had 9 spell levels left.
You knew the following spells:

 Your Spells              Type           Power        Failure   Level  Hunger
a - Summon Butterflies    Summ           #.......     61%         1    ##.....


Dungeon Overview and Level Annotations

Branches:
Dungeon (10/15)            Temple (0/1) D:6            Lair (0/8) D:10
    Orc (0/2) D:9

Altars:
Ashenzari
Elyvilon
Fedhas
Kikubaaqudgha
Nemelex Xobeh
Okawaru
Qazlal
Sif Muna
Trog
Vehumet
Xom
Yredelemnul
Zin
The Shining One

Shops:
D:5 *


Innate Abilities, Weirdness & Mutations

You are too large for most types of armour.
You have claws for hands.
Your metabolism is lightning-fast.
You like to eat raw meat.
You heal very quickly.
You are covered in fur (AC +1).
You have very tough skin (AC +2).
You are partially covered in thin metallic scales (AC +2).
You tend to lose your temper in combat.
You are robust (+10% HP).
Your spells are a little harder to cast, but a little more powerful.
You expend magic power (3 MP) to strengthen your wands.


Message History

The crocodile bites you.
* * * LOW HITPOINT WARNING * * *
The yak gores you!
* * * LOW HITPOINT WARNING * * *
The yak gores you!
* * * LOW HITPOINT WARNING * * *
The basilisk gazes at you. You resist with almost no effort.
The crocodile bites you but does no damage.
The yak gores you!
* * * LOW HITPOINT WARNING * * *
The yak gores you.
* * * LOW HITPOINT WARNING * * *
The basilisk bites you!
* * * LOW HITPOINT WARNING * * *
The crocodile bites you.
* * * LOW HITPOINT WARNING * * *
The yak gores you but does no damage. The yak gores you but does no damage.
The basilisk bites you!
You die...

...♣....[# ....
)>♣.......
####.....
Y.......Y
#....#
Y.......l.###.#
....P...#Y.÷..#
..P.....####Y##
.........###l##
.......#...YYY#
.....#.....Yl@#
.###...#....t.#
###........#
#.######## ...
...> #..


You could see 5 yaks, 2 basilisks and a crocodile.

Vanquished Creatures
  Pikel (D:5)
  A hill giant (D:5)
  Joseph (D:7)
  Prince Ribbit (D:8)
  A two-headed ogre (D:8)
  Sigmund (D:5)
  3 yaks (D:10)
  A hungry ghost (D:9)
  Grum (D:8)
  Menkaure (D:5)
  2 porcupines (D:10)
  A water moccasin (D:6)
  3 orc warriors
  A black bear (D:6)
  A sky beast (D:6)
  3 necrophages
  4 centaurs
  6 ogres
  3 wolves (D:8)
  4 ice beasts
  A crocodile (D:10)
  5 giant frogs
  A gnoll sergeant (D:6)
  5 scorpions
  4 killer bees (D:9)
  8 wights
  3 howler monkeys
  9 crimson imps
  A centaur zombie (D:5)
  3 jellies
  A giant frog zombie (D:5)
  5 hounds
  2 giant frog skeletons
  6 orc priests
  8 orc wizards
  2 centaur skeletons (D:5)
  4 iguanas
  7 worker ants
  3 hound skeletons
  7 gnolls (D:6)
  A howler monkey skeleton (D:5)
  3 river rats (D:10)
  17 adders
  3 shadow imps
  An ooze (D:9)
  2 adder zombies (D:5)
  An adder skeleton (D:8)
  2 worms (D:2)
  A dart slug (D:3)
  6 giant geckos
  44 orcs
  2 bats
  5 giant cockroaches
  8 goblins
  6 hobgoblins
  5 jackals
  2 kobolds
  A quokka (D:7)
  2 ball pythons
  A ball python zombie (D:6)
  A giant cockroach zombie (D:5)
  A giant gecko zombie (D:5)
  4 giant newts
  2 quokka skeletons (D:5)
  A quokka zombie (D:5)
  10 rats
257 creatures vanquished.

Vanquished Creatures (others)
  A giant gecko (D:5)
  A giant gecko zombie (D:5)
  2 plants (D:10)
4 creatures vanquished.

Grand Total: 261 creatures vanquished

Notes
Turn   | Place    | Note
--------------------------------------------------------------
     0 | D:1      | varam the Troll Monk began the quest for the Orb.
     0 | D:1      | Reached XP level 1. HP: 22/22 MP: 0/0
   184 | D:1      | Reached XP level 2. HP: 29/29 MP: 1/1
   589 | D:2      | Reached skill level 5 in Unarmed Combat
   615 | D:2      | Reached XP level 3. HP: 31/36 MP: 2/2
   878 | D:2      | Found an iron altar of Okawaru.
   892 | D:2      | Became a worshipper of Warmaster Okawaru
   892 | D:2      | Reached * piety under Okawaru
   892 | D:2      | Reached ** piety under Okawaru
  1292 | D:2      | Reached XP level 4. HP: 31/44 MP: 3/3
  1703 | D:3      | Found a faded altar to an unknown god.
  1945 | D:3      | Reached skill level 6 in Unarmed Combat
  1945 | D:3      | Reached XP level 5. HP: 46/50 MP: 4/4
  1994 | D:3      | Found an ancient bone altar of Kikubaaqudgha.
  1996 | D:3      | Found a deep blue altar of Sif Muna.
  2000 | D:3      | Found a radiant altar of Vehumet.
  2008 | D:3      | Identified Vehumet's Compendium of Battle Magic
  2144 | D:3      | Found a shimmering altar of Xom.
  2161 | D:3      | Reached skill level 7 in Unarmed Combat
  2213 | D:3      | Reached XP level 6. HP: 59/59 MP: 5/5
  2760 | D:4      | Reached *** piety under Okawaru
  2765 | D:4      | Reached skill level 8 in Unarmed Combat
  2771 | D:4      | Reached XP level 7. HP: 58/66 MP: 3/6
  2938 | D:4      | Received a gift from Okawaru
  3186 | D:5      | Entered Level 5 of the Dungeon
  3190 | D:5      | Noticed Menkaure
  3267 | D:5      | Found Niuleism's Assorted Antiques.
  3275 | D:5      | Bought a lumpy cabochon amulet for 130 gold pieces
  3303 | D:5      | Reached XP level 8. HP: 69/75 MP: 5/7
  3320 | D:5      | Reached skill level 9 in Unarmed Combat
  3425 | D:5      | Noticed Sigmund
  3446 | D:5      | Killed Sigmund
  3600 | D:6      | Reached **** piety under Okawaru
  3912 | D:6      | Reached skill level 5 in Dodging
  3912 | D:6      | Reached skill level 1 in Invocations
  4002 | D:6      | Reached XP level 9. HP: 66/87 MP: 8/8
  4048 | D:6      | Reached skill level 10 in Unarmed Combat
  4056 | D:6      | Reached skill level 5 in Fighting
  4059 | D:6      | Reached ***** piety under Okawaru
  4345 | D:6      | Found a staircase to the Ecumenical Temple.
  4400 | D:6      | Noticed a hill giant
  4427 | D:5      | Killed Menkaure
  4479 | D:5      | Noticed Pikel
  4487 | D:5      | Killed Pikel
  4610 | D:5      | Found a bloodstained altar of Trog.
  4890 | D:5      | Bought a scroll of identify for 52 gold pieces
  4894 | D:5      | Gained mutation: Your muscles are strong. (Str +2) [potion of mutation]
  4894 | D:5      | Gained mutation: Your body sometimes deteriorates upon taking damage. [potion of mutation]
  4894 | D:5      | Gained mutation: You expend magic power (3 MP) to strengthen your wands. [potion of mutation]
  4895 | D:5      | Gained mutation: Your spells are a little harder to cast, but a little more powerful. [potion of mutation]
  4895 | D:5      | Gained mutation: You are partially covered in thin metallic scales (AC +2). [potion of mutation]
  4895 | D:5      | Gained mutation: You tend to lose your temper in combat. [potion of mutation]
  4896 | D:5      | Lost mutation: Your muscles are strong. (Str +2) [potion of mutation]
  4896 | D:5      | Lost mutation: Your body sometimes deteriorates upon taking damage. [potion of mutation]
  4896 | D:5      | Gained mutation: You are robust (+10% HP). [potion of mutation]
  5272 | D:5      | Killed a hill giant
  5349 | D:6      | Found a glowing silver altar of Zin.
  5352 | D:6      | Found a glowing golden altar of the Shining One.
  5354 | D:6      | Found a white marble altar of Elyvilon.
  5358 | D:6      | Reached skill level 11 in Unarmed Combat
  5596 | D:7      | Learned a level 1 spell: Summon Butterflies
  5625 | D:7      | Found a shattered altar of Ashenzari.
  5630 | D:7      | Found a basalt altar of Yredelemnul.
  5633 | D:7      | Found a sparkling altar of Nemelex Xobeh.
  5671 | D:7      | Reached XP level 10. HP: 77/107 MP: 10/10
  5690 | D:7      | Noticed Joseph
  5702 | D:7      | Killed Joseph
  6004 | D:8      | Noticed Grum
  6009 | D:8      | Received a gift from Okawaru
  6028 | D:8      | Killed Grum
  6237 | D:8      | Noticed Prince Ribbit
  6259 | D:8      | Killed Prince Ribbit
  7209 | D:9      | Found a sparkling altar of Nemelex Xobeh.
  7327 | D:9      | Found a stormy altar of Qazlal.
  7332 | D:9      | Found a blossoming altar of Fedhas.
  7406 | D:9      | Received a gift from Okawaru
  7406 | D:9      | Reached skill level 12 in Unarmed Combat
  7714 | D:9      | Found a staircase to the Orcish Mines.
  7836 | D:10     | Entered Level 10 of the Dungeon
  7861 | D:10     | Reached XP level 11. HP: 119/119 MP: 11/11
  7893 | D:10     | Found a staircase to the Lair.
  7931 | D:10     | HP: 2/119 [basilisk (6)]
  7932 | D:10     | Slain by a basilisk

Skill      XL: |  1  2  3  4  5  6  7  8  9 10 |
---------------+-------------------------------+-----
Unarmed Combat | 5 6 7 8 9 11 12 | 12.3
Dodging        | 3 5 6 8 |  8.1
Fighting       | 3 4 6 7 |  7.3
Invocations    | 1 |  1.4
Stealth        | |  1.1

Action                   |  1- 3 |  4- 6 |  7- 9 | 10-12 || total
-------------------------+-------+-------+-------+-------++-------
Melee: Unarmed           |    75 |   100 |   247 |   250 ||   672
       Punch             |       |     2 |    14 |    13 ||    29
Throw: Stone             |       |    14 |     2 |       ||    16
       Javelin           |       |       |     7 |       ||     7
       Tomahawk          |       |       |       |     1 ||     1
Invok: Heroism           |       |     1 |     7 |     5 ||    13
  Use: Scroll            |       |       |     5 |       ||     5
       Potion            |       |       |     3 |       ||     3
 Stab: Sleeping          |     6 |       |     1 |     5 ||    12
       Distracted        |       |     1 |       |       ||     1
  Eat: Chunk             |    12 |    18 |    21 |    35 ||    86
Armor: Robe              |    15 |    18 |    41 |    58 ||   132
Dodge: Dodged            |    28 |    46 |   111 |   149 ||   334
